Aeros vs Rivermen

Created - Sunday, November 02, 2014 at 23:48

Goals
1 2 3 T
Aeros 1 2 4 7
Rivermen 1 0 1 2
Shots
1 2 3 T
Aeros 10 2 20 32
Rivermen 7 8 11 26

1st period

1. Aeros , Jason Zucker 13 (Cam Janssen, Warren Peters) at 3:36
2. Rivermen , Corey Potter 1 (Ryan Ellis) at 10:18 (PP)

Penalties :
Dan Catenacci (HOU) for Hooking (Minor) at 9:53

2nd period

3. Aeros , Jason Zucker 14 (Warren Peters) at 0:13
4. Aeros , Shane O'Brien 9 (Danny Hobbs) at 19:43

Penalties :
Ryan Reaves (Peo) for Hooking (Minor) at 1:12, Cody Goloubef (Peo) for Slashing (Minor) at 14:13, Ryan Reaves (Peo) for Fighting (Major) at 16:48, Ilari Melart (HOU) for Fighting (Major) at 16:48

3rd period

5. Aeros , Cam Janssen 13 (Jason Zucker) at 4:13
6. Aeros , Cam Janssen 14 (Jason Zucker, Warren Peters) at 4:35
7. Rivermen , Anton Belov 3 (Joakim Nordstrom) at 8:00
8. Aeros , Cam Janssen 15 (Jason Zucker, Shane O'Brien) at 9:53
9. Aeros , Shane O'Brien 10 (Cam Janssen, Craig Cunningham) at 13:20 (PP)

Penalties :
Corey Potter (Peo) for Charging (Minor) at 12:18, Patrick Wey (HOU) for Hooking (Minor) at 15:33

Goalie Stats

David Leggio (HOU), 24 saves from 26 shots - (0.923), W, 2-1-0, 60:00 minutes
Farm Player87 (Peo), 12 saves from 15 shots - (0.800), 15:47 minutes
Tyler Bunz (Peo), 13 saves from 17 shots - (0.765), L, 2-9-1, 44:13 minutes

Players Stats for Aeros

Player Name              G  A  P  +/- PIM S  H  SB GA TA FO     MP     PP MP  PK MP  
------------------------------------------------------------------------------------
Andrew Gordon            0  0  0   0  0   2  2  0  3  0  1/1    19:08   3:01   1:44 
Brodie Dupont            0  0  0   0  0   0  1  0  0  1  6/13   16:37   1:59   0:00 
Cam Janssen              3  2  5   4  0   3  5  1  2  0  1/1    17:34   1:59   0:00 
Colin Stuart             0  0  0   1  0   1  0  1  3  2  0/2    13:07   0:00   0:00 
Craig Cunningham         0  1  1   0  0   5  2  2  0  0  0/0    16:37   1:59   0:00 
Dan Catenacci            0  0  0   0  2   2  0  1  1  0  5/8    10:10   0:00   0:40 
Danny Hobbs              0  1  1   1  0   2  1  0  0  0  0/0    13:07   0:00   0:00 
Ilari Melart             0  0  0   0  5   0  1  0  0  0  0/0    12:49   0:00   0:32 
Jason Zucker             2  3  5   4  0   5  1  0  7  0  2/3    20:19   3:01   1:57 
Joel Chouinard           0  0  0   1  0   1  1  1  0  2  0/0    21:18   3:33   0:57 
Jon Landry               0  0  0   4  0   0  0  1  0  0  0/0    26:12   1:27   1:27 
Matthew Pistilli         0  0  0   0  0   1  1  1  1  1  1/1     9:30   0:00   0:00 
Mike Matczak             0  0  0   0  0   0  0  0  0  2  0/0    14:08   0:00   0:00 
Mike Ullrich             0  0  0   1  0   0  1  1  2  0  2/6    13:07   0:00   0:00 
Patrick Wey              0  0  0   1  2   3  1  2  0  0  0/0    20:37   3:33   0:25 
Scott Campbell           0  0  0   0  0   1  2  0  2  0  0/0     9:57   0:00   0:27 
Shane O'Brien            2  1  3   4  0   4  4  1  1  1  0/0    24:55   1:27   1:27 
Warren Peters            0  3  3   4  0   2  1  0  1  0  14/20  18:21   3:01   0:00 

Players Stats for Rivermen

Player Name              G  A  P  +/- PIM S  H  SB GA TA FO     MP     PP MP  PK MP  
------------------------------------------------------------------------------------
Anton Belov              1  0  1  -3  0   2  1  2  0  1  0/0    19:55   0:48   1:50 
Brian Gibbons            0  0  0  -3  0   1  1  0  4  3  7/16   18:50   0:58   3:46 
Brian O'Neill            0  0  0  -2  0   3  1  0  2  0  0/1    16:24   0:00   0:39 
Chris Brown              0  0  0   0  0   2  0  0  0  0  0/0     8:20   0:00   0:00 
Cody Goloubef            0  0  0  -1  2   1  1  0  1  2  0/0    14:33   0:00   1:02 
Corey Potter             1  0  1  -1  2   4  1  1  1  0  0/0    20:05   1:36   2:08 
Evan Rankin              0  0  0   0  0   0  1  0  0  0  0/0     9:23   0:00   0:00 
J.T. Brown               0  0  0  -3  0   0  2  0  1  1  1/10   23:21   0:58   3:11 
Jeremy Morin             0  0  0  -1  0   4  4  0  3  1  0/0    15:28   0:00   0:00 
Joakim Nordstrom         0  1  1  -1  0   2  0  3  2  1  6/13   16:43   1:26   0:00 
Joe Whitney              0  0  0  -1  0   3  0  1  0  0  1/1    17:46   1:26   1:03 
Mark Stone               0  0  0  -3  0   1  1  0  0  0  0/0    16:18   0:58   0:11 
Maxime Fortunus          0  0  0   0  0   0  0  0  0  0  0/0     5:25   0:00   0:00 
Rob Davison              0  0  0  -1  0   0  0  0  0  2  0/0    13:32   0:00   0:00 
Ryan Ellis               0  1  1  -1  0   2  1  1  2  1  0/0    26:33   1:36   3:10 
Ryan Reaves              0  0  0   0  7   0  3  0  2  0  0/0    15:12   1:26   0:06 
Ryan Sproul              0  0  0  -3  0   0  1  0  0  0  0/0    19:55   0:48   1:50 
Zack Phillips            0  0  0  -1  0   1  0  0  1  2  8/14   17:13   0:00   1:04 

3 Stars

1 - Cam Janssen (HOU)
2 - Jason Zucker (HOU)
3 - Shane O'Brien (HOU)

Power Play

Aeros - 1 on 3 Attempt(s) - 33.33%
Rivermen - 1 on 2 Attempt(s) - 50.00%

Penalty Kill

Aeros - 1 on 2 Attempt(s) - 50.00% - Score 0 goal in Penalty Kill
Rivermen - 2 on 3 Attempt(s) - 66.67% - Score 0 goal in Penalty Kill

Official

Referees : Unknown
Linesman : Unknown

Game Notes

Ryan Reaves and Ilari Melart fight to a draw at 16:48 of 2nd period
Farm Player87 enters game at 4:13 of 3rd period
Cam Janssen has scored a Hat Trick!

Finance

Level 1 -- Attendance: 1614 (80.70%) -- Ticket Income $45,192
Level 2 -- Attendance: 726 (72.60%) -- Ticket Income $7,260
Total Attendance: 2340 (78.00%)
Total Ticket Income: $52,452
Other Income: $25,701
Total Income: $78,153

Aeros

5 vs 5 Forward 
   Center                   Left Wing                Right Wing               Time % Phy DF OF 
 1 Warren Peters            Jason Zucker             Cam Janssen              35     1   2  2  
 2 Brodie Dupont            Craig Cunningham         Andrew Gordon            30     1   2  2  
 3 Mike Ullrich             Colin Stuart             Danny Hobbs              22     1   2  2  
 4 Dan Catenacci            Scott Campbell           Matthew Pistilli         13     1   2  2  

5 vs 5 Defense 
   Defense                  Defense                                           Time % Phy DF OF 
 1 Shane O'Brien            Jon Landry                                        35     1   2  2  
 2 Joel Chouinard           Patrick Wey                                       30     1   2  2  
 3 Ilari Melart             Mike Matczak                                      22     1   2  2  
 4 Shane O'Brien            Jon Landry                                        13     1   2  2  

PowerPlay Forward 
   Center                   Left Wing                Right Wing               Time % Phy DF OF 
 1 Warren Peters            Jason Zucker             Andrew Gordon            60     1   2  2  
 2 Brodie Dupont            Craig Cunningham         Cam Janssen              40     1   2  2  

PowerPlay Defense
   Defense                  Defense                                           Time % Phy DF OF 
 1 Shane O'Brien            Jon Landry                                        60     1   2  2  
 2 Joel Chouinard           Patrick Wey                                       40     1   2  2  

Penalty Kill 4 Players Forward 
   Center                   Wing                     Time % Phy DF OF 
 1 Andrew Gordon            Jason Zucker             60     1   2  2  
 2 Craig Cunningham         Colin Stuart             40     1   2  2  

Penalty Kill 4 Players Defense
   Defense                  Defense                  Time % Phy DF OF 
 1 Shane O'Brien            Jon Landry               60     1   2  2  
 2 Joel Chouinard           Patrick Wey              40     1   2  2  

Penalty Kill - 3 Players Forward 
   Forward                                           Time % Phy DF OF 
 1 Andrew Gordon                                     60     1   2  2  
 2 Jason Zucker                                      40     1   2  2  

Penalty Kill - 3 Players Defense
   Defense                  Defense                  Time % Phy DF OF 
 1 Shane O'Brien            Jon Landry               60     1   2  2  
 2 Joel Chouinard           Patrick Wey              40     1   2  2  

4 vs 4 Forward 
   Center                   Wing                     Time % Phy DF OF 
 1 Andrew Gordon            Jason Zucker             60     1   2  2  
 2 Craig Cunningham         Colin Stuart             40     1   2  2  

4 vs 4 Defense
   Defense                  Defense                  Time % Phy DF OF 
 1 Shane O'Brien            Jon Landry               60     1   2  2  
 2 Joel Chouinard           Patrick Wey              40     1   2  2  

Last Minutes Offensive
   Center                   Left Wing                Right Wing               Defense                  Defense                  
   Warren Peters            Jason Zucker             Andrew Gordon            Shane O'Brien            Jon Landry               

Last Minutes Defensive
   Center                   Left Wing                Right Wing               Defense                  Defense                  
   Warren Peters            Jason Zucker             Andrew Gordon            Shane O'Brien            Jon Landry               

Goaltenders
Starting : David Leggio             
Backup : Jason LaBarbera          

Extra Forwards
Normal : Matthew Pistilli, Scott Campbell, Dan Catenacci - PP : Matthew Pistilli, Scott Campbell - PK : Dan Catenacci
Extra Defensemen
Normal : Ilari Melart, Jon Landry, Mike Matczak - PP : Ilari Melart - PK : Ilari Melart, Mike Matczak
Penalty Shots
Andrew Gordon, Jason Zucker, Craig Cunningham, Colin Stuart, Warren Peters

Rivermen

5 vs 5 Forward 
   Center                   Left Wing                Right Wing               Time % Phy DF OF 
 1 Brian Gibbons            J.T. Brown               Mark Stone               35     1   2  2  
 2 Joakim Nordstrom         Joe Whitney              Ryan Reaves              30     1   2  2  
 3 Zack Phillips            Jeremy Morin             Brian O'Neill            22     1   2  2  
 4 J.T. Brown               Chris Brown              Evan Rankin              13     1   2  2  

5 vs 5 Defense 
   Defense                  Defense                                           Time % Phy DF OF 
 1 Ryan Ellis               Corey Potter                                      35     1   2  2  
 2 Anton Belov              Ryan Sproul                                       30     1   2  2  
 3 Rob Davison              Cody Goloubef                                     22     1   2  2  
 4 Maxime Fortunus          Ryan Ellis                                        13     1   2  2  

PowerPlay Forward 
   Center                   Left Wing                Right Wing               Time % Phy DF OF 
 1 Brian Gibbons            J.T. Brown               Mark Stone               60     1   2  2  
 2 Joakim Nordstrom         Joe Whitney              Ryan Reaves              40     1   2  2  

PowerPlay Defense
   Defense                  Defense                                           Time % Phy DF OF 
 1 Ryan Ellis               Corey Potter                                      60     1   2  2  
 2 Anton Belov              Ryan Sproul                                       40     1   2  2  

Penalty Kill 4 Players Forward 
   Center                   Wing                     Time % Phy DF OF 
 1 J.T. Brown               Brian Gibbons            60     1   2  2  
 2 Mark Stone               Ryan Reaves              40     1   2  2  

Penalty Kill 4 Players Defense
   Defense                  Defense                  Time % Phy DF OF 
 1 Ryan Ellis               Corey Potter             60     1   2  2  
 2 Anton Belov              Ryan Sproul              40     1   2  2  

Penalty Kill - 3 Players Forward 
   Forward                                           Time % Phy DF OF 
 1 J.T. Brown                                        60     1   2  2  
 2 Brian Gibbons                                     40     1   2  2  

Penalty Kill - 3 Players Defense
   Defense                  Defense                  Time % Phy DF OF 
 1 Ryan Ellis               Corey Potter             60     1   2  2  
 2 Anton Belov              Ryan Sproul              40     1   2  2  

4 vs 4 Forward 
   Center                   Wing                     Time % Phy DF OF 
 1 J.T. Brown               Brian Gibbons            60     1   2  2  
 2 Mark Stone               Ryan Reaves              40     1   2  2  

4 vs 4 Defense
   Defense                  Defense                  Time % Phy DF OF 
 1 Ryan Ellis               Corey Potter             60     1   2  2  
 2 Anton Belov              Ryan Sproul              40     1   2  2  

Last Minutes Offensive
   Center                   Left Wing                Right Wing               Defense                  Defense                  
   Brian Gibbons            J.T. Brown               Mark Stone               Ryan Ellis               Corey Potter             

Last Minutes Defensive
   Center                   Left Wing                Right Wing               Defense                  Defense                  
   Brian Gibbons            J.T. Brown               Mark Stone               Ryan Ellis               Corey Potter             

Goaltenders
Starting : Tyler Bunz               
Backup : Farm Player87            

Extra Forwards
Normal : Zack Phillips, Jeremy Morin, Brian O'Neill - PP : Zack Phillips, Jeremy Morin - PK : Brian O'Neill
Extra Defensemen
Normal : Rob Davison, Cody Goloubef, Maxime Fortunus - PP : Rob Davison - PK : Cody Goloubef, Maxime Fortunus
Penalty Shots
J.T. Brown, Brian Gibbons, Mark Stone, Ryan Reaves, Joe Whitney

% Time on Ice - Aeros

Lines # - Real PCT - Wanted PCT - Time Play
Normal Forward
1 - 29% - 35% - 15:21
2 - 28% - 30% - 14:38
3 - 25% - 22% - 13:07
4 - 18% - 13% - 9:30
Normal Defense
1 - 32% - 35% - 16:46
2 - 32% - 30% - 16:48
3 - 27% - 22% - 14:08
4 - 9% - 13% - 4:54
PP Forward
1 - 60% - 60% - 3:01
2 - 40% - 40% - 1:59
PP Defense
1 - 29% - 60% - 1:27
2 - 71% - 40% - 3:33
PK Forward
1 - 100% - 60% - 2:24
2 - 0% - 40% - 0:00
PK Defense
1 - 60% - 60% - 1:27
2 - 40% - 40% - 0:57
PK3 Forward
1 - 0% - 60%
2 - 0% - 40%
PK3 Defense
1 - 0% - 60%
2 - 0% - 40%
44 Forward
1 - 0% - 60%
2 - 0% - 40%
44 Defense
1 - 0% - 60%
2 - 0% - 40%
Last Minute Offensive  - 0:00
Last Minute Defensive  - 0:00
Total
Forward - 60:00
Defense - 60:00

% Time on Ice - Rivermen

Lines # - Real PCT - Wanted PCT - Time Play
Normal Forward
1 - 27% - 35% - 14:06
2 - 31% - 30% - 16:20
3 - 26% - 22% - 13:50
4 - 16% - 13% - 8:20
Normal Defense
1 - 31% - 35% - 16:22
2 - 33% - 30% - 17:17
3 - 26% - 22% - 13:32
4 - 10% - 13% - 5:25
PP Forward
1 - 40% - 60% - 0:58
2 - 60% - 40% - 1:26
PP Defense
1 - 67% - 60% - 1:36
2 - 33% - 40% - 0:48
PK Forward
1 - 96% - 60% - 4:49
2 - 4% - 40% - 0:11
PK Defense
1 - 63% - 60% - 3:10
2 - 37% - 40% - 1:50
PK3 Forward
1 - 0% - 60%
2 - 0% - 40%
PK3 Defense
1 - 0% - 60%
2 - 0% - 40%
44 Forward
1 - 0% - 60%
2 - 0% - 40%
44 Defense
1 - 0% - 60%
2 - 0% - 40%
Last Minute Offensive  - 0:00
Last Minute Defensive  - 0:00
Total
Forward - 60:00
Defense - 60:00

Play by Play

1st period


0:01 of 1st period - Warren Peters wins face-off versus Brian Gibbons in neutral zone.
0:29 of 1st period - Wrist shot by Jason Zucker.
0:29 of 1st period - Shot Misses the Net.
0:31 of 1st period - Wrist shot by Jason Zucker.
0:31 of 1st period - Shot Misses the Net.
0:51 of 1st period - Corey Potter is hit by Brodie Dupont and loses puck.
1:00 of 1st period - Joel Chouinard is hit by J.T. Brown and loses puck.
1:08 of 1st period - Icing by Patrick Wey.
1:09 of 1st period - Joe Whitney wins face-off versus Brodie Dupont in Aeros zone.
1:28 of 1st period - Off-side.
1:29 of 1st period - Mike Ullrich wins face-off versus Zack Phillips in neutral zone.
1:48 of 1st period - Slapshot by Jeremy Morin.
1:48 of 1st period - Stopped by David Leggio with a rebound.
2:15 of 1st period - Icing by Colin Stuart.
2:16 of 1st period - Joakim Nordstrom wins face-off versus Dan Catenacci in Aeros zone.
2:17 of 1st period - Slapshot by Ryan Ellis.
2:17 of 1st period - Shot Misses the Net.
2:19 of 1st period - Slapshot by Ryan Ellis.
2:19 of 1st period - Shot Blocked by Matthew Pistilli.
2:21 of 1st period - Wrist shot by Joe Whitney.
2:21 of 1st period - Stopped by David Leggio without a rebound.
2:22 of 1st period - Dan Catenacci wins face-off versus Joakim Nordstrom in Aeros zone.
3:26 of 1st period - Snap shot by Chris Brown.
3:26 of 1st period - Deflect By J.T. Brown.
3:26 of 1st period - Shot Blocked by Jon Landry.
3:26 of 1st period - Puck is out of play.
3:27 of 1st period - Warren Peters wins face-off versus Zack Phillips in Aeros zone.
3:36 of 1st period - Snap shot by Jason Zucker.
3:36 of 1st period - Goal by Jason Zucker - Aeros : 1 - Rivermen : 0.
3:37 of 1st period - Warren Peters wins face-off versus Brian Gibbons in neutral zone.
4:24 of 1st period - Off-side.
4:25 of 1st period - Zack Phillips wins face-off versus Brodie Dupont in neutral zone.
4:48 of 1st period - Snap shot by Craig Cunningham.
4:48 of 1st period - Stopped by Tyler Bunz with a rebound.
5:30 of 1st period - Snap shot by Ryan Reaves.
5:30 of 1st period - Shot Misses the Net.
5:32 of 1st period - Snap shot by Ryan Reaves.
5:32 of 1st period - Shot Misses the Net.
5:34 of 1st period - Slapshot by Cody Goloubef.
5:34 of 1st period - Stopped by David Leggio without a rebound.
5:35 of 1st period - Joakim Nordstrom wins face-off versus Warren Peters in Aeros zone.
5:50 of 1st period - Snap shot by Joakim Nordstrom.
5:50 of 1st period - Stopped by David Leggio with a rebound.
5:54 of 1st period - Wrist shot by Joe Whitney.
5:54 of 1st period - Shot Misses the Net.
6:20 of 1st period - Matthew Pistilli is hit by Cody Goloubef and loses puck.
7:06 of 1st period - Off-side.
7:07 of 1st period - Brian Gibbons wins face-off versus Brodie Dupont in neutral zone.
7:11 of 1st period - Icing by Brodie Dupont.
7:12 of 1st period - Brodie Dupont wins face-off versus Zack Phillips in Aeros zone.
7:32 of 1st period - Off-side.
7:33 of 1st period - Joakim Nordstrom wins face-off versus Warren Peters in neutral zone.
7:42 of 1st period - Slapshot by Jason Zucker.
7:42 of 1st period - Stopped by Tyler Bunz with a rebound.
7:44 of 1st period - Slapshot by Warren Peters.
7:44 of 1st period - Stopped by Tyler Bunz with a rebound.
8:27 of 1st period - Colin Stuart is hit by Jeremy Morin and loses puck.
8:36 of 1st period - Snap shot by Jeremy Morin.
8:36 of 1st period - Stopped by David Leggio with a rebound.
9:53 of 1st period - Minor Penalty to Dan Catenacci for Hooking.
9:54 of 1st period - Andrew Gordon wins face-off versus Joakim Nordstrom in Aeros zone.
10:18 of 1st period - Slapshot by Corey Potter.
10:18 of 1st period - Goal by Corey Potter - Aeros : 1 - Rivermen : 1.
10:19 of 1st period - Zack Phillips wins face-off versus Colin Stuart in neutral zone.
10:22 of 1st period - Snap shot by Jeremy Morin.
10:22 of 1st period - Deflect By Colin Stuart.
10:22 of 1st period - Shot Blocked by Colin Stuart.
10:22 of 1st period - Puck is out of play.
10:23 of 1st period - Zack Phillips wins face-off versus Mike Ullrich in Aeros zone.
10:24 of 1st period - Slapshot by Ryan Ellis.
10:24 of 1st period - Shot Misses the Net.
10:30 of 1st period - Backhand shot by Jeremy Morin.
10:30 of 1st period - Shot Blocked by Mike Ullrich.
11:19 of 1st period - Warren Peters is hit by Mark Stone and loses puck.
12:16 of 1st period - Joakim Nordstrom is hit by Craig Cunningham and loses puck.
12:39 of 1st period - Wrist shot by Anton Belov.
12:39 of 1st period - Shot Misses the Net.
13:31 of 1st period - Wrist shot by Shane O'Brien.
13:31 of 1st period - Stopped by Tyler Bunz with a rebound.
14:11 of 1st period - Joakim Nordstrom is hit by Ilari Melart and loses puck.
14:22 of 1st period - Mike Matczak is hit by Ryan Reaves and loses puck.
14:54 of 1st period - Snap shot by Andrew Gordon.
14:54 of 1st period - Stopped by Tyler Bunz without a rebound.
14:55 of 1st period - Matthew Pistilli wins face-off versus J.T. Brown in Rivermen zone.
14:58 of 1st period - Wrist shot by Scott Campbell.
14:58 of 1st period - Stopped by Tyler Bunz with a rebound.
15:04 of 1st period - Matthew Pistilli is hit by Evan Rankin and loses puck.
15:29 of 1st period - Corey Potter is hit by Scott Campbell and loses puck.
16:49 of 1st period - Ryan Ellis is hit by Shane O'Brien.
17:25 of 1st period - Mark Stone is hit by Cam Janssen and loses puck.
17:44 of 1st period - Backhand shot by Shane O'Brien.
17:44 of 1st period - Deflect By Colin Stuart.
17:44 of 1st period - Stopped by Tyler Bunz with a rebound.
17:46 of 1st period - Wrist shot by Danny Hobbs.
17:46 of 1st period - Shot Misses the Net.
17:48 of 1st period - Snap shot by Shane O'Brien.
17:48 of 1st period - Shot Blocked by Joe Whitney.
17:50 of 1st period - Slapshot by Shane O'Brien.
17:50 of 1st period - Deflect By Danny Hobbs.
17:50 of 1st period - Stopped by Tyler Bunz with a rebound.
17:52 of 1st period - Slapshot by Shane O'Brien.
17:52 of 1st period - Shot Blocked by Joakim Nordstrom.
18:22 of 1st period - Snap shot by Craig Cunningham.
18:22 of 1st period - Shot Blocked by Joakim Nordstrom.
18:26 of 1st period - Snap shot by Andrew Gordon.
18:26 of 1st period - Deflect By Joakim Nordstrom.
18:26 of 1st period - Shot Blocked by Joakim Nordstrom.
18:26 of 1st period - Puck is out of play.
18:27 of 1st period - Brodie Dupont wins face-off versus Zack Phillips in Rivermen zone.
18:34 of 1st period - Snap shot by Andrew Gordon.
18:34 of 1st period - Stopped by Tyler Bunz without a rebound.
18:35 of 1st period - Zack Phillips wins face-off versus Dan Catenacci in Rivermen zone.
19:35 of 1st period - Slapshot by Anton Belov.
19:35 of 1st period - Shot Blocked by Shane O'Brien.
19:37 of 1st period - Wrist shot by J.T. Brown.
19:37 of 1st period - Shot Misses the Net.
19:41 of 1st period - Slapshot by Chris Brown.
19:41 of 1st period - Stopped by David Leggio without a rebound.
19:42 of 1st period - J.T. Brown wins face-off versus Jason Zucker in Aeros zone.
19:43 of 1st period - Slapshot by Ryan Ellis.
19:43 of 1st period - Deflect By Chris Brown.
19:43 of 1st period - Shot Misses the Net.
19:43 of 1st period - Puck is out of play.
19:44 of 1st period - Warren Peters wins face-off versus J.T. Brown in Aeros zone.
Goals for this period are 1 for Aeros vs 1 for Rivermen.
Shots for this period are 10 for Aeros vs 7 for Rivermen.

2nd period


0:01 of 2nd period - Brian Gibbons wins face-off versus Warren Peters in neutral zone.
0:04 of 2nd period - Warren Peters is hit by Brian Gibbons and loses puck.
0:13 of 2nd period - Snap shot by Jason Zucker.
0:13 of 2nd period - Goal by Jason Zucker - Aeros : 2 - Rivermen : 1.
0:14 of 2nd period - Cam Janssen wins face-off versus Brian Gibbons in neutral zone.
0:25 of 2nd period - Wrist shot by J.T. Brown.
0:25 of 2nd period - Shot Misses the Net.
0:27 of 2nd period - Slapshot by Corey Potter.
0:27 of 2nd period - Stopped by David Leggio with a rebound.
0:29 of 2nd period - Slapshot by Corey Potter.
0:29 of 2nd period - Shot Misses the Net.
1:12 of 2nd period - Minor Penalty to Ryan Reaves for Hooking.
1:13 of 2nd period - Warren Peters wins face-off versus J.T. Brown in Rivermen zone.
1:48 of 2nd period - Ryan Sproul is hit by Patrick Wey and loses puck.
2:05 of 2nd period - Brian Gibbons is hit by Cam Janssen.
2:17 of 2nd period - Slapshot by Corey Potter.
2:17 of 2nd period - Stopped by David Leggio with a rebound.
2:20 of 2nd period - Icing by Craig Cunningham.
2:21 of 2nd period - Brodie Dupont wins face-off versus Brian O'Neill in Aeros zone.
2:28 of 2nd period - Joe Whitney is hit by Cam Janssen and loses puck.
3:12 of 2nd period - Penalty to Ryan Reaves is over, Ryan Reaves is back on ice.
5:05 of 2nd period - Icing by Scott Campbell.
5:06 of 2nd period - Dan Catenacci wins face-off versus Joakim Nordstrom in Aeros zone.
5:11 of 2nd period - Ryan Sproul is hit by Scott Campbell and loses puck.
5:31 of 2nd period - Dan Catenacci is hit by Ryan Sproul.
5:53 of 2nd period - Snap shot by Brian O'Neill.
5:53 of 2nd period - Shot Hit the Post.
6:15 of 2nd period - J.T. Brown is hit by Cam Janssen.
7:40 of 2nd period - Snap shot by Brian Gibbons.
7:40 of 2nd period - Stopped by David Leggio with a rebound.
8:29 of 2nd period - Backhand shot by Shane O'Brien.
8:29 of 2nd period - Shot Blocked by Ryan Ellis.
8:57 of 2nd period - Slapshot by Danny Hobbs.
8:57 of 2nd period - Deflect By Mark Stone.
8:57 of 2nd period - Shot Misses the Net.
8:57 of 2nd period - Puck is out of play.
8:58 of 2nd period - Brian Gibbons wins face-off versus Mike Ullrich in Rivermen zone.
10:25 of 2nd period - Evan Rankin is hit by Shane O'Brien and loses puck.
11:34 of 2nd period - Snap shot by Chris Brown.
11:34 of 2nd period - Stopped by David Leggio with a rebound.
11:49 of 2nd period - Corey Potter is hit by Joel Chouinard and loses puck.
12:06 of 2nd period - Craig Cunningham is hit by Corey Potter and loses puck.
12:20 of 2nd period - Corey Potter is hit by Craig Cunningham and loses puck.
13:29 of 2nd period - Cody Goloubef is hit by Matthew Pistilli and loses puck.
13:36 of 2nd period - Snap shot by Dan Catenacci.
13:36 of 2nd period - Shot Misses the Net.
14:13 of 2nd period - Minor Penalty to Cody Goloubef for Slashing.
14:14 of 2nd period - Warren Peters wins face-off versus J.T. Brown in Rivermen zone.
14:47 of 2nd period - Backhand shot by Brian Gibbons.
14:47 of 2nd period - Shot Hit the Post.
14:49 of 2nd period - Wrist shot by Zack Phillips.
14:49 of 2nd period - Stopped by David Leggio with a rebound.
14:51 of 2nd period - Slapshot by Anton Belov.
14:51 of 2nd period - Shot Blocked by Patrick Wey.
15:29 of 2nd period - Ryan Ellis is hit by Warren Peters and loses puck.
16:13 of 2nd period - Penalty to Cody Goloubef is over, Cody Goloubef is back on ice.
16:48 of 2nd period - Ryan Reaves and Ilari Melart fight to a draw.
16:48 of 2nd period - Penalty to Ryan Reaves for Fighting.
16:48 of 2nd period - Penalty to Ilari Melart for Fighting.
16:49 of 2nd period - Joakim Nordstrom wins face-off versus Mike Ullrich in neutral zone.
17:08 of 2nd period - Snap shot by Mike Ullrich.
17:08 of 2nd period - Shot Blocked by Corey Potter.
17:44 of 2nd period - Scott Campbell is hit by J.T. Brown and loses puck.
18:43 of 2nd period - Snap shot by Jeremy Morin.
18:43 of 2nd period - Stopped by David Leggio with a rebound.
18:45 of 2nd period - Slapshot by Joe Whitney.
18:45 of 2nd period - Shot Blocked by Craig Cunningham.
18:47 of 2nd period - Slapshot by Jeremy Morin.
18:47 of 2nd period - Shot Misses the Net.
18:51 of 2nd period - Wrist shot by Jeremy Morin.
18:51 of 2nd period - Stopped by David Leggio without a rebound.
18:52 of 2nd period - Warren Peters wins face-off versus Zack Phillips in Aeros zone.
19:43 of 2nd period - Slapshot by Shane O'Brien.
19:43 of 2nd period - Goal by Shane O'Brien - Aeros : 3 - Rivermen : 1.
19:44 of 2nd period - Joakim Nordstrom wins face-off versus Dan Catenacci in neutral zone.
19:49 of 2nd period - Snap shot by Anton Belov.
19:49 of 2nd period - Stopped by David Leggio with a rebound.
Goals for this period are 2 for Aeros vs 0 for Rivermen.
Shots for this period are 2 for Aeros vs 8 for Rivermen.

3rd period


0:01 of 3rd period - Warren Peters wins face-off versus Brian Gibbons in neutral zone.
0:24 of 3rd period - Snap shot by Jason Zucker.
0:24 of 3rd period - Stopped by Tyler Bunz with a rebound.
0:52 of 3rd period - Corey Potter is hit by Shane O'Brien and loses puck.
1:59 of 3rd period - Icing by Joakim Nordstrom.
2:00 of 3rd period - Dan Catenacci wins face-off versus Joakim Nordstrom in Rivermen zone.
2:20 of 3rd period - Snap shot by Dan Catenacci.
2:20 of 3rd period - Stopped by Tyler Bunz with a rebound.
2:24 of 3rd period - Snap shot by Dan Catenacci.
2:24 of 3rd period - Stopped by Tyler Bunz without a rebound.
2:25 of 3rd period - Brian Gibbons wins face-off versus Warren Peters in Rivermen zone.
2:38 of 3rd period - Anton Belov is hit by Cam Janssen and loses puck.
2:49 of 3rd period - Wrist shot by Cam Janssen.
2:49 of 3rd period - Shot Hit the Post.
2:51 of 3rd period - Slapshot by Joel Chouinard.
2:51 of 3rd period - Stopped by Tyler Bunz without a rebound.
2:52 of 3rd period - Brodie Dupont wins face-off versus Zack Phillips in Rivermen zone.
3:21 of 3rd period - Andrew Gordon is hit by Jeremy Morin.
3:52 of 3rd period - Snap shot by Brian Gibbons.
3:52 of 3rd period - Shot Hit the Post.
4:04 of 3rd period - Mark Stone is hit by Shane O'Brien and loses puck.
4:13 of 3rd period - Snap shot by Cam Janssen.
4:13 of 3rd period - Goal by Cam Janssen - Aeros : 4 - Rivermen : 1.
4:13 of 3rd period - Farm Player87 enters game.
4:14 of 3rd period - Warren Peters wins face-off versus Joakim Nordstrom in neutral zone.
4:19 of 3rd period - Snap shot by Jason Zucker.
4:19 of 3rd period - Shot Hit the Post.
4:21 of 3rd period - Wrist shot by Cam Janssen.
4:21 of 3rd period - Shot Misses the Net.
4:29 of 3rd period - Snap shot by Jason Zucker.
4:29 of 3rd period - Stopped by Farm Player87 with a rebound.
4:31 of 3rd period - Slapshot by Warren Peters.
4:31 of 3rd period - Stopped by Farm Player87 with a rebound.
4:35 of 3rd period - Wrist shot by Cam Janssen.
4:35 of 3rd period - Goal by Cam Janssen - Aeros : 5 - Rivermen : 1.
4:36 of 3rd period - Jason Zucker wins face-off versus Brian Gibbons in neutral zone.
4:39 of 3rd period - Snap shot by Cam Janssen.
4:39 of 3rd period - Shot Misses the Net.
4:46 of 3rd period - Off-side.
4:47 of 3rd period - Brian Gibbons wins face-off versus Warren Peters in neutral zone.
6:08 of 3rd period - Snap shot by Craig Cunningham.
6:08 of 3rd period - Stopped by Farm Player87 with a rebound.
6:10 of 3rd period - Snap shot by Craig Cunningham.
6:10 of 3rd period - Deflect By Corey Potter.
6:10 of 3rd period - Stopped by Farm Player87 with a rebound.
6:12 of 3rd period - Snap shot by Patrick Wey.
6:12 of 3rd period - Stopped by Farm Player87 without a rebound.
6:13 of 3rd period - Zack Phillips wins face-off versus Mike Ullrich in Rivermen zone.
6:30 of 3rd period - Mike Ullrich is hit by Jeremy Morin.
6:42 of 3rd period - Slapshot by Anton Belov.
6:42 of 3rd period - Shot Blocked by Joel Chouinard.
6:44 of 3rd period - Slapshot by Jeremy Morin.
6:44 of 3rd period - Shot Misses the Net.
6:46 of 3rd period - Slapshot by Brian O'Neill.
6:46 of 3rd period - Stopped by David Leggio with a rebound.
6:48 of 3rd period - Snap shot by Zack Phillips.
6:48 of 3rd period - Deflect By Jeremy Morin.
6:48 of 3rd period - Shot Blocked by Patrick Wey.
6:48 of 3rd period - Puck is out of play.
6:49 of 3rd period - Brian Gibbons wins face-off versus Brodie Dupont in Aeros zone.
6:52 of 3rd period - Slapshot by Mark Stone.
6:52 of 3rd period - Stopped by David Leggio without a rebound.
6:53 of 3rd period - Brodie Dupont wins face-off versus Brian Gibbons in Aeros zone.
7:20 of 3rd period - Wrist shot by Craig Cunningham.
7:20 of 3rd period - Stopped by Farm Player87 with a rebound.
7:55 of 3rd period - Warren Peters is hit by Ryan Reaves and loses puck.
8:00 of 3rd period - Slapshot by Anton Belov.
8:00 of 3rd period - Goal by Anton Belov - Aeros : 5 - Rivermen : 2.
8:01 of 3rd period - Zack Phillips wins face-off versus Colin Stuart in neutral zone.
8:08 of 3rd period - Colin Stuart is hit by Brian O'Neill and loses puck.
8:25 of 3rd period - Slapshot by Ryan Ellis.
8:25 of 3rd period - Deflect By Jeremy Morin.
8:25 of 3rd period - Shot Misses the Net.
8:25 of 3rd period - Puck is out of play.
8:26 of 3rd period - Warren Peters wins face-off versus Brian Gibbons in Aeros zone.
8:51 of 3rd period - Off-side.
8:52 of 3rd period - Joakim Nordstrom wins face-off versus Brodie Dupont in neutral zone.
9:07 of 3rd period - Wrist shot by Joakim Nordstrom.
9:07 of 3rd period - Stopped by David Leggio with a rebound.
9:09 of 3rd period - Slapshot by Corey Potter.
9:09 of 3rd period - Stopped by David Leggio with a rebound.
9:11 of 3rd period - Wrist shot by Joe Whitney.
9:11 of 3rd period - Stopped by David Leggio with a rebound.
9:13 of 3rd period - Snap shot by Joe Whitney.
9:13 of 3rd period - Shot Blocked by Craig Cunningham.
9:19 of 3rd period - Slapshot by Ryan Ellis.
9:19 of 3rd period - Shot Misses the Net.
9:21 of 3rd period - Backhand shot by Joe Whitney.
9:21 of 3rd period - Stopped by David Leggio with a rebound.
9:23 of 3rd period - Snap shot by Corey Potter.
9:23 of 3rd period - Deflect By Joakim Nordstrom.
9:23 of 3rd period - Shot Misses the Net.
9:23 of 3rd period - Puck is out of play.
9:24 of 3rd period - Brian Gibbons wins face-off versus Warren Peters in Aeros zone.
9:25 of 3rd period - Wrist shot by Anton Belov.
9:25 of 3rd period - Deflect By Brian Gibbons.
9:25 of 3rd period - Shot Blocked by Cam Janssen.
9:25 of 3rd period - Puck is out of play.
9:26 of 3rd period - Warren Peters wins face-off versus Brian Gibbons in Aeros zone.
9:53 of 3rd period - Wrist shot by Cam Janssen.
9:53 of 3rd period - Goal by Cam Janssen - Aeros : 6 - Rivermen : 2.
9:54 of 3rd period - Zack Phillips wins face-off versus Brodie Dupont in neutral zone.
10:12 of 3rd period - Slapshot by Ryan Ellis.
10:12 of 3rd period - Stopped by David Leggio with a rebound.
10:14 of 3rd period - Slapshot by Brian O'Neill.
10:14 of 3rd period - Stopped by David Leggio with a rebound.
10:16 of 3rd period - Slapshot by Brian O'Neill.
10:16 of 3rd period - Stopped by David Leggio without a rebound.
10:17 of 3rd period - Warren Peters wins face-off versus Brian Gibbons in Aeros zone.
10:34 of 3rd period - Wrist shot by Brian Gibbons.
10:34 of 3rd period - Shot Misses the Net.
11:16 of 3rd period - Slapshot by Shane O'Brien.
11:16 of 3rd period - Shot Misses the Net.
11:26 of 3rd period - Wrist shot by Craig Cunningham.
11:26 of 3rd period - Stopped by Farm Player87 without a rebound.
11:27 of 3rd period - Zack Phillips wins face-off versus Brodie Dupont in Rivermen zone.
11:27 of 3rd period - Zack Phillips is hit by Andrew Gordon.
11:37 of 3rd period - Snap shot by Craig Cunningham.
11:37 of 3rd period - Shot Misses the Net.
11:39 of 3rd period - Slapshot by Andrew Gordon.
11:39 of 3rd period - Shot Misses the Net.
12:11 of 3rd period - Corey Potter is hit by Mike Ullrich and loses puck.
12:16 of 3rd period - Slapshot by Danny Hobbs.
12:16 of 3rd period - Stopped by Farm Player87 with a rebound.
12:18 of 3rd period - Minor Penalty to Corey Potter for Charging.
12:19 of 3rd period - Warren Peters wins face-off versus J.T. Brown in Rivermen zone.
12:33 of 3rd period - Off-side.
12:34 of 3rd period - Warren Peters wins face-off versus J.T. Brown in neutral zone.
12:55 of 3rd period - Cody Goloubef is hit by Andrew Gordon and loses puck.
13:18 of 3rd period - Snap shot by Cam Janssen.
13:18 of 3rd period - Shot Misses the Net.
13:20 of 3rd period - Slapshot by Shane O'Brien.
13:20 of 3rd period - Goal by Shane O'Brien - Aeros : 7 - Rivermen : 2.
13:21 of 3rd period - Mike Ullrich wins face-off versus Joakim Nordstrom in neutral zone.
13:24 of 3rd period - Slapshot by Shane O'Brien.
13:24 of 3rd period - Stopped by Farm Player87 with a rebound.
13:46 of 3rd period - Danny Hobbs is hit by Anton Belov and loses puck.
14:02 of 3rd period - Jon Landry is hit by Ryan Reaves and loses puck.
14:25 of 3rd period - Snap shot by Warren Peters.
14:25 of 3rd period - Shot Blocked by Anton Belov.
14:27 of 3rd period - Snap shot by Jason Zucker.
14:27 of 3rd period - Shot Misses the Net.
14:29 of 3rd period - Slapshot by Patrick Wey.
14:29 of 3rd period - Stopped by Farm Player87 with a rebound.
14:31 of 3rd period - Snap shot by Jason Zucker.
14:31 of 3rd period - Shot Blocked by Anton Belov.
14:33 of 3rd period - Wrist shot by Warren Peters.
14:33 of 3rd period - Shot Misses the Net.
14:35 of 3rd period - Snap shot by Patrick Wey.
14:35 of 3rd period - Stopped by Farm Player87 with a rebound.
14:43 of 3rd period - Patrick Wey is hit by Jeremy Morin and loses puck.
15:13 of 3rd period - Slapshot by Ryan Ellis.
15:13 of 3rd period - Deflect By Brian Gibbons.
15:13 of 3rd period - Shot Misses the Net.
15:13 of 3rd period - Puck is out of play.
15:14 of 3rd period - Brodie Dupont wins face-off versus J.T. Brown in Aeros zone.
15:33 of 3rd period - Minor Penalty to Patrick Wey for Hooking.
15:34 of 3rd period - Jason Zucker wins face-off versus Joakim Nordstrom in Aeros zone.
16:04 of 3rd period - Slapshot by Ryan Ellis.
16:04 of 3rd period - Shot Misses the Net.
16:20 of 3rd period - Shane O'Brien is hit by Ryan Ellis.
16:26 of 3rd period - Joakim Nordstrom is hit by Jason Zucker and loses puck.
17:26 of 3rd period - Slapshot by Ryan Ellis.
17:26 of 3rd period - Stopped by David Leggio with a rebound.
17:28 of 3rd period - Slapshot by Corey Potter.
17:28 of 3rd period - Shot Blocked by Dan Catenacci.
17:33 of 3rd period - Penalty to Patrick Wey is over, Patrick Wey is back on ice.
17:40 of 3rd period - Ryan Ellis is hit by Danny Hobbs and loses puck.
19:02 of 3rd period - Snap shot by Joakim Nordstrom.
19:02 of 3rd period - Shot Misses the Net.
19:41 of 3rd period - Off-side.
19:42 of 3rd period - Dan Catenacci wins face-off versus J.T. Brown in neutral zone.
19:49 of 3rd period - Slapshot by Matthew Pistilli.
19:49 of 3rd period - Stopped by Farm Player87 without a rebound.
19:50 of 3rd period - Dan Catenacci wins face-off versus J.T. Brown in Rivermen zone.
Goals for this period are 4 for Aeros vs 1 for Rivermen.
Shots for this period are 20 for Aeros vs 11 for Rivermen.


Output by the SimonT Hockey Simulator (STHS) for Eric Dolegowski -- Original Page W3C XHTML 1.0 Valid
Hockey Simulator - Hockey Simulation - Hockey Manager